 Dungeon Sprint DCSS version 0.31-a0-595-g4209ae197b (webtiles) character file.

Game seed: 8303940802885803473

9576 Conn the Eclecticist (level 11, 0/109 HPs)
             Began as an Octopode Fire Elementalist on Aug 20, 2023.
             Was a High Priest of Sif Muna.
             Slain by a demonic crawler (8 damage)
             ... in the Dungeon (Sprint I: "Red Sonja").
             The game lasted 00:16:54 (2030 turns).

Conn the Eclecticist (Octopode Fire Elementalist)   Turns: 2030, Time: 00:16:55

Health: 0/109      AC: 25    Str: 11    XL:     11   Next: 48%
Magic:  8/32       EV:  2    Int: 22    God:    Sif Muna [*****.]
Gold:   310        SH:  0    Dex: 18    Spells: 5/45 levels left

rFire   . . .        i - +6 spear of Punishment {freeze, rElec Str+3}
rCold   . . .        (no shield)
rNeg    . . .        (helmet currently unavailable)
rPois   +            (no amulet)
rElec   +            p - +6 ring of dexterity
rCorr   .            u - ring of wizardry
SInv    .            (no ring)
Will    .....        (no ring)
Stlth   ++++         (no ring)
HPRegen 0.38/turn    (no ring)
MPRegen 0.23/turn    (no ring)
                     (no ring)

%: no teleportation, wizardry (x1)
@: tree-form, unable to read
A: stationary, stasis, torment immunity, boosted hp, almost no armour,
(amphibious), 8 rings, (camouflage 1), (gelatinous body 1), (nimble swimmer 1),
(tentacles), robust 1, inability to read after injury 1
a: Renounce Religion, Channel Magic, Forget Spell, Divine Exegesis


You were in the Dungeon.
You worshipped Sif Muna.
Sif Muna was extremely pleased with you.
You were a tree.
You visited 1 branch You collected 1188 gold pieces.
You spent 878 gold pieces at shops.

Inventory:

Hand Weapons
 b - a +1 dagger of venom
 i - the +6 spear of Punishment (weapon) {freeze, rElec Str+3}
   (You bought it in a shop in the Dungeon)

   Str+3:     It affects your strength (+3).
   rElec:     It insulates you from electricity.
Missiles
 j - 4 curare-tipped darts (quivered)
Jewellery
 p - a +6 ring of dexterity (left branch)
 u - a ring of wizardry (right branch)
Wands
 d - a wand of paralysis (6)
 g - a wand of polymorph (2)
 r - a wand of iceblast (5)
Scrolls
 f - a scroll of blinking
 k - a scroll of torment {unknown}
 l - a scroll of enchant weapon {unknown}
 o - 2 scrolls of identify {unknown}
 q - a scroll of fear
 t - a scroll of brand weapon {unknown}
Potions
 a - 3 potions of magic
 e - a potion of lignification
 h - a potion of mutation {unknown}
 m - a potion of ambrosia {unknown}
 n - 2 potions of curing
 s - a potion of brilliance {unknown}


   Skills:
 + Level 3.1 Fighting
 + Level 0.2 Polearms
 + Level 2.0 Throwing
 + Level 5.8 Dodging
 + Level 6.6 Stealth
 * Level 17.5 Spellcasting
 * Level 11.0 Conjurations
 + Level 3.9 Hexes
 + Level 0.2 Summonings
 + Level 14.8 Fire Magic
 * Level 1.2 Earth Magic
 * Level 1.3 Invocations
 + Level 2.0 Evocations


You had 5 spell levels left.
You knew the following spells:

 Your Spells              Type           Power      Damage    Failure   Level
a - Foxfire               Conj/Fire      100%       2x1d9     0%          1
b - Scorch                Fire           100%       2d9       0%          2
c - Inner Flame           Hex/Fire       57%        N/A       1%          3
d - Flame Wave            Conj/Fire      66%        2d15      1%          4
e - Iskenderun's Battles  Conj           61%        2d11      1%          5
f - Stone Arrow           Conj/Erth      92%        3d12      1%          3
g - Orb of Destruction    Conj           30%        9d10      11%         7
h - Leda's Unmaking       Conj/Erth      23%        9d4       14%         6
i - Blink                 Tloc           38%        N/A       1%          2
j - Summon Guardian Gole  Hex/Summ       28%        N/A       1%          3
k - Summon Small Mammal   Summ           80%        N/A       1%          1
l - Call Canine Familiar  Summ           20%        N/A       3%          3

Your spell library contained the following spells:

 Spells                   Type           Power      Damage    Failure   Level
 Freeze                   Ice            76%        1d8       1%          1
 Magic Dart               Conj           100%       1d8       1%          1
 Ensorcelled Hibernation  Hex/Ice        54%        N/A       1%          2
 Static Discharge         Conj/Air       86%        2-6/arc   1%          2
 Volatile Blastmotes      Fire/Tloc      100%       2d18      1%          3
 Sticky Flame             Conj/Fire      66%        2d8       1%          4
 Manifold Assault         Tloc           19%        N/A       12%         4
 Lee's Rapid Deconstruct  Erth           12%        3d8*      19%         5
 Conjure Ball Lightning   Conj/Air       21%        3x3d6     17%         6
 Eringya's Noxious Bog    Tmut/Pois      9%         4d6       83%         6
 Lehudib's Crystal Spear  Conj/Erth      23%        10d6      99%         8
 Ozocubu's Refrigeration  Ice            9%         4d9       100%        7


Dungeon Overview and Level Annotations

Branches:
Dungeon (1/1)

Altars:
Cheibriados
Dithmenos
Elyvilon
Fedhas
Gozag
Hepliaklqana
Kikubaaqudgha
Makhleb
Nemelex Xobeh
Okawaru
Qazlal
Ru
Sif Muna
Trog
Uskayaw
Vehumet
Wu Jian
Xom
Yredelemnul
Zin
The Shining One
Jiyva
Lugonu

Shops:
D **[*!!*(!:!**([*?:([*


Innate Abilities, Weirdness & Mutations

You are a tree.
Your roots penetrate the ground, keeping you stationary.
You cannot be teleported.
You are immune to unholy pain and torment.
Your maximum health is greatly increased.
You cannot wear most types of armour.
((You are amphibious.))
You can wear up to eight rings at the same time.
((Your skin changes colour to match your surroundings (Stealth+).))
((Your rubbery body absorbs attacks. (AC +1, EV +1)))
((You are camouflaged when in or above water. (Stealth+)))
((You have tentacles for arms and can constrict up to eight enemies at once.))
You are robust. (+10% HP)
You occasionally lose the ability to read scrolls when taking damage.


Message History

Unknown command.
A wave of flame ripples out!
The flame wave engulfs the demonic crawler!
The demonic crawler is heavily wounded.
The flame wave engulfs the demonic crawler!
The demonic crawler is severely wounded.
The flame wave engulfs the demonic crawler!
You kill the demonic crawler!
Sif Muna accepts your kill.
The flame wave engulfs the demonic crawler!!
The demonic crawler is moderately wounded.
Your battlesphere fires!
The barrage of energy hits the demonic crawler!
The demonic crawler is almost dead.
The demonic crawler hits you!
* * * LOW HITPOINT WARNING * * *
The demonic crawler hits you.
* * * LOW HITPOINT WARNING * * *
The demonic crawler hits you!
* * * LOW HITPOINT WARNING * * *
The demonic crawler is engulfed in blazing flames.
The demonic crawler hits you but does no damage. x3
The demonic crawler is engulfed in blazing flames.
The demonic crawler hits you but does no damage. x3
Your Conjurations skill increases to level 11!
Your Earth Magic skill increases to level 1!
Your Invocations skill increases to level 1!
You feel much better.
The demonic crawler hits you but does no damage. x3
The demonic crawler is engulfed in blazing flames.
The demonic crawler hits you.
* * * LOW HITPOINT WARNING * * *
The demonic crawler hits you!
* * * LOW HITPOINT WARNING * * *
The demonic crawler hits you.
* * * LOW HITPOINT WARNING * * *
The demonic crawler is engulfed in blazing flames.
The demonic crawler hits you but does no damage. x3
The demonic crawler hits you!
You die...

###################
..#..'..#__#.*).).#
..').#..'..'..#.ss##+#
#'#####'#__####.♣s'§.#
..#...#)####§.#####..+
###..##[#§§~..#§.# ##
__##'#_.'§§§§§§§§#
...'..._#§~~..#§§#
__##_.#'##+#####'###
__###'#.#..%.###.'.#
#####.####'###.###.#
...'...[.....'(∩##.#


You could see 3 demonic crawlers and a friendly battlesphere.

Vanquished Creatures
  2 centaur warriors (D)
  A demonic crawler (D)
  Sonja (D)
  A deep troll (D)
  8 shining eyes (D)
  An oklob plant (D)
  2 unseen horrors (D)
  2 kobold demonologists (D)
  A hornet (D)
  A slime creature (D)
  Sigmund (D)
  A yak (D)
  2 redbacks (D)
  6 floating eyes (D)
  An ogre (D)
  7 necrophages (D)
  8 jellies (D)
  Ijyb (D)
  2 ballistomycete spores (D)
49 creatures vanquished.

Vanquished Creatures (others)
  84 foxfires (D)
84 creatures vanquished.

Grand Total: 133 creatures vanquished

Notes
Turn   | Place    | Note
-------+----------+-------------------------------------------
     0 | D        | Conn the Octopode Fire Elementalist began the quest for the
                  | Orb.
     0 | D        | Reached XP level 1. HP: 11/11 MP: 3/3
     1 | D        | Noticed Ijyb
     8 | D        | Paralysed by Ijyb for 5 turns
    16 | D        | Killed Ijyb
    17 | D        | Reached skill level 3 in Spellcasting
    17 | D        | Reached XP level 2. HP: 5/18 MP: 4/6
    81 | D        | Learned a level 2 spell: Scorch
    82 | D        | Noticed an ogre
    86 | D        | Killed an ogre
    87 | D        | Reached skill level 4 in Spellcasting
    87 | D        | Reached XP level 3. HP: 22/22 MP: 0/9
    87 | D        | Reached XP level 4. HP: 27/27 MP: 0/10
   100 | D        | Learned a level 3 spell: Inner Flame
   105 | D        | Learned a level 4 spell: Flame Wave
   168 | D        | Noticed Sigmund
   174 | D        | Killed Sigmund
   175 | D        | Reached skill level 1 in Fighting
   175 | D        | Reached skill level 6 in Spellcasting
   175 | D        | Reached XP level 5. HP: 33/33 MP: 4/14
   175 | D        | Reached XP level 6. HP: 38/38 MP: 4/15
   264 | D        | Found a shimmering blue altar of Sif Muna.
   265 | D        | Found an ornate altar of the Wu Jian Council.
   266 | D        | Found a radiant altar of Vehumet.
   270 | D        | Reached skill level 5 in Stealth
   270 | D        | Reached skill level 7 in Spellcasting
   270 | D        | Reached skill level 5 in Conjurations
   272 | D        | Became a worshipper of Sif Muna the Loreminder
   300 | D        | Found Tices's Assorted Antiques.
   300 | D        | Found an ancient bone altar of Kikubaaqudgha.
   300 | D        | Found a hazy altar of Hepliaklqana.
   300 | D        | Found a stormy altar of Qazlal.
   300 | D        | Found a hide-covered altar of Uskayaw.
   300 | D        | Found a blossoming altar of Fedhas.
   300 | D        | Found a bloodstained altar of Trog.
   300 | D        | Found an iron altar of Okawaru.
   300 | D        | Found a basalt altar of Yredelemnul.
   300 | D        | Found a glowing golden altar of the Shining One.
   300 | D        | Found a snail-covered altar of Cheibriados.
   300 | D        | Found a sacrificial altar of Ru.
   300 | D        | Found a glowing silver altar of Zin.
   300 | D        | Found a shadowy altar of Dithmenos.
   300 | D        | Found a white marble altar of Elyvilon.
   300 | D        | Noticed a yak
   307 | D        | Killed a yak
   308 | D        | Reached skill level 8 in Spellcasting
   308 | D        | Reached XP level 7. HP: 44/44 MP: 10/18
   310 | D        | Found an opulent altar of Gozag.
   311 | D        | Found a sparkling altar of Nemelex Xobeh.
   315 | D        | Bought an ichor-stained spear for 184 gold pieces
   315 | D        | Identified the +6 spear of Punishment {freeze, rElec Str+3}
                  | (You bought it in a shop in the Dungeon)
   355 | D        | Noticed Sonja
   362 | D        | Killed Sonja
   363 | D        | Reached skill level 5 in Dodging
   363 | D        | Reached skill level 10 in Spellcasting
   363 | D        | Reached skill level 10 in Fire Magic
   363 | D        | Reached skill level 1 in Evocations
   363 | D        | Reached XP level 8. HP: 36/50 MP: 12/22
   420 | D        | Found Puisk's General Store.
   440 | D        | Noticed a deep troll
   449 | D        | Killed a deep troll
   449 | D        | Reached * piety under Sif Muna
   450 | D        | Reached skill level 11 in Spellcasting
   463 | D        | Found Ebuhub's Armour Emporium.
   502 | D        | Found a burning altar of Makhleb.
   502 | D        | Found a viscous altar of Jiyva.
   502 | D        | Found a shimmering altar of Xom.
   502 | D        | Found a corrupted altar of Lugonu.
   502 | D        | Noticed a slime creature
   507 | D        | Killed a slime creature
   508 | D        | Reached skill level 1 in Throwing
   555 | D        | Noticed a kobold demonologist
   557 | D        | Noticed a kobold demonologist
   564 | D        | Killed a kobold demonologist
   564 | D        | Reached ** piety under Sif Muna
   564 | D        | Killed a kobold demonologist
   565 | D        | Reached skill level 12 in Spellcasting
   565 | D        | Reached XP level 9. HP: 47/55 MP: 4/25
   710 | D        | Noticed a shining eye
   710 | D        | Noticed a shining eye
   710 | D        | Noticed a shining eye
   718 | D        | Paralysed by a floating eye for 3 turns
   723 | D        | Paralysed by a floating eye for 3 turns
   730 | D        | Paralysed by a floating eye for 3 turns
   733 | D        | Noticed a shining eye
   736 | D        | Paralysed by a floating eye for 2 turns
   744 | D        | Paralysed by a floating eye for 4 turns
   752 | D        | Paralysed by a floating eye for 2 turns
   756 | D        | Killed a shining eye
   756 | D        | Killed a shining eye
   756 | D        | Reached *** piety under Sif Muna
   757 | D        | Reached skill level 13 in Spellcasting
   757 | D        | Reached skill level 1 in Hexes
   757 | D        | Reached XP level 10. HP: 62/62 MP: 6/27
   758 | D        | Noticed a shining eye
   759 | D        | Gained mutation: You are robust. (+10% HP) [a shining eye]
   761 | D        | Killed a shining eye
   762 | D        | Reached skill level 14 in Spellcasting
   765 | D        | Killed a shining eye
   765 | D        | Reached **** piety under Sif Muna
   943 | D        | Noticed a shining eye
   962 | D        | Killed a shining eye
   964 | D        | Paralysed by a floating eye for 3 turns
   972 | D        | Paralysed by a floating eye for 4 turns
  1020 | D        | Noticed a shining eye
  1031 | D        | Gained mutation: You occasionally lose the ability to read
                  | scrolls when taking damage. [a shining eye]
  1033 | D        | Killed a shining eye
  1034 | D        | Reached skill level 15 in Spellcasting
  1034 | D        | Noticed a shining eye
  1034 | D        | Killed a shining eye
  1038 | D        | Killed a shining eye
  1038 | D        | Reached ***** piety under Sif Muna
  1038 | D        | Received a gift from Sif Muna
  1039 | D        | Reached skill level 10 in Conjurations
  1039 | D        | Got Sif Muna's Elucidation of Green Energy {god gift}
  1046 | D        | Learned a level 5 spell: Iskenderun's Battlesphere
  1160 | D        | Found Zoos's General Store.
  1160 | D        | Found Xoptor's Distillery.
  1160 | D        | Found Hegonas's Antique Armour Emporium.
  1160 | D        | Found Judir Pusch's Distillery.
  1178 | D        | Bought a potion of lignification for 30 gold pieces
  1187 | D        | Bought a scroll of fear for 48 gold pieces
  1201 | D        | Bought a wand of iceblast (5) for 120 gold pieces
  1242 | D        | Noticed a centaur warrior
  1248 | D        | Noticed a centaur warrior
  1249 | D        | Killed a centaur warrior
  1251 | D        | Killed a centaur warrior
  1252 | D        | Reached skill level 16 in Spellcasting
  1252 | D        | Reached XP level 11. HP: 64/73 MP: 13/31
  1386 | D        | Noticed an oklob plant
  1398 | D        | Killed an oklob plant
  1549 | D        | Received a gift from Sif Muna
  1554 | D        | Got Sif Muna's Handbook of the Chilling Mesa {god gift}
  1565 | D        | Reached skill level 17 in Spellcasting
  1728 | D        | Received a gift from Sif Muna
  1730 | D        | Got Sif Muna's Book of Combative Sparks {god gift}
  1756 | D        | Identified the +0 plate armour of Talawa {Rampage Drain
                  | Stlth+}
  1889 | D        | Found Xaytehag's Weapon Shoppe.
  1889 | D        | Found Vequn's General Store.
  1889 | D        | Found Bomacaj's Distillery.
  1891 | D        | Found Fuanips's Book Emporium.
  1891 | D        | Found Qattocul's Distillery.
  1891 | D        | Found Faff's Assorted Antiques.
  1891 | D        | Found Yfeekuga's General Store.
  1891 | D        | Found Gyhotz's Weapon Emporium.
  1891 | D        | Found Cemaqa's Antique Armour Shop.
  1891 | D        | Found Qyroac's Assorted Antiques.
  1895 | D        | Found Tocyz's Magic Scroll Boutique.
  1900 | D        | Learned a level 3 spell: Stone Arrow
  1908 | D        | Learned a level 7 spell: Orb of Destruction
  1915 | D        | Learned a level 6 spell: Leda's Unmaking
  1915 | D        | Found Tanoumne's Weapon Emporium.
  1915 | D        | Found Ismaduil's Book Boutique.
  1916 | D        | Found Belo's General Store.
  1917 | D        | Bought a blackened onyx ring for 80 gold pieces
  1927 | D        | Bought an Inescapable Atlas for 176 gold pieces
  1930 | D        | Learned a level 2 spell: Blink
  1938 | D        | Bought a book of Callings for 240 gold pieces
  1942 | D        | Learned a level 3 spell: Summon Guardian Golem
  1944 | D        | Learned a level 1 spell: Summon Small Mammal
  1948 | D        | Learned a level 3 spell: Call Canine Familiar
  2022 | D        | Noticed a demonic crawler
  2022 | D        | Noticed a demonic crawler
  2022 | D        | Noticed a demonic crawler
  2022 | D        | Noticed a demonic crawler
  2029 | D        | Killed a demonic crawler
  2030 | D        | Reached skill level 1 in Earth Magic
  2030 | D        | Reached skill level 1 in Invocations
  2030 | D        | Slain by a demonic crawler

Illustrated notes

Levels and vault maps discovered:
D:        dungeon_sprint_1 [red_sonja_temple_1, red_sonja_temple_small_1]

Skill      XL: |  1  2  3  4  5  6  7  8  9 10 11 |
---------------+----------------------------------+-----
Stealth        | 3 4 5 6 |  6.6
Spellcasting   | 3 4 6 8 10 12 13 16 17 | 17.5
Conjurations   | 2 3 4 5 6 8 9 10 11 | 11.0
Fire Magic     | 4 6 7 8 10 11 12 14 | 14.8
Dodging        | 3 4 5 |  5.8
Fighting       | 1 2 3 |  3.1
Evocations     | 1 2 |  2.0
Throwing       | 1 2 |  2.0
Hexes          | 1 3 |  3.9
Earth Magic    | 1 |  1.2
Invocations    | 1 |  1.3
Polearms       | |  0.2
Summonings     | |  0.2

Action                     |  1- 3 |  4- 6 |  7- 9 | 10-12 || total
---------------------------+-------+-------+-------+-------++-------
  Melee: Unarmed           |     7 |       |       |       ||     7
         Constrict         |     1 |       |       |       ||     1
         Tentacles         |     1 |       |       |       ||     1
         Spear             |       |       |       |     1 ||     1
  Throw: Dart              |       |       |     2 |     1 ||     3
   Cast: Scorch            |     3 |     4 |    14 |    22 ||    43
         Foxfire           |       |     7 |     6 |    34 ||    47
         Flame Wave        |       |       |     1 |    13 ||    14
         Inner Flame       |       |       |     7 |     8 ||    15
         Iskenderun's Batt |       |       |       |     4 ||     4
         Summon Small Mamm |       |       |       |     2 ||     2
         Stone Arrow       |       |       |       |     2 ||     2
         Call Canine Famil |       |       |       |     1 ||     1
         Summon Guardian G |       |       |       |     1 ||     1
  Evoke: Wand              |       |       |     3 |       ||     3
    Use: Potion            |     2 |       |     1 |     2 ||     5
 Armour: Skin              |     1 |       |     1 |    28 ||    30
  Dodge: Dodged            |     1 |       |     4 |    10 ||    15

Table legend: (Time is in decaauts)
 A = Elapsed time spent in this place.
 B = Non-inter-level travel time spent in this place.
 C = Inter-level travel time spent in this place.
 D = Time resting spent in this place.
 E = Time spent auto-exploring this place.
 F = Levels seen in this place.
 G = Mean time per level.
                   A        B        C        D        E       F      G
               +--------+--------+--------+--------+--------+-----+--------+
         Total |   2030 |   2030 |      0 |   1090 |      0 |   1 | 2030.0 |
       Dungeon |   2030 |   2030 |      0 |   1090 |      0 |   1 | 2030.0 |
               +--------+--------+--------+--------+--------+-----+--------+

Top non-repeatable levels by time:
       D: 2030 daAuts
